Map: [TLMC15] Hardwire

Players

Maru - Winner!

  • Race: Terran Terran

Nice

  • Race: Protoss Protoss

Event: DreamHack SC2 Masters 2021 Winter

VOD

Have the link to the VOD?

Description

Time

  • Played on: Nov. 12, 2021, 8:59 a.m.
  • Length: 7:22

All games in this series

Show
View Real Time Build Order
Export as new Build Order

Maru Terran - Winner!

Build Orders: Reaper Expand 

Get SALT Encoding   

  12  0:00  SCV  
  13  0:12  SCV  
  14  0:17  Supply Depot  
  14  0:24  SCV  
  15  0:38  SCV  
  15  0:40  Barracks  
  16  0:45  Refinery  
  16  0:50  SCV  
  17  1:02  SCV  
  18  1:14  SCV, Engineering Bay  
  19  1:30  Reaper, Orbital Command  
  20  1:46  Command Center  
  20  1:56  SCV  
  20  1:58  Supply Depot  
  21  2:02  Barracks Reactor  
  22  2:08  SCV  
  22  2:12  Barracks  
  22  2:20  SCV  
  23  2:25  Barracks  
  23  2:32  SCV  
  24  2:39  Marine  
  24  2:40  Marine  
  26  2:44  SCV  
  27  2:58  Marine x2  
  27  2:59  Orbital Command  
  27  3:00  Barracks Tech Lab  
  27  3:02  SCV  
  30  3:06  Refinery  
  30  3:12  Barracks Tech Lab  
  30  3:14  SCV  
  30  3:16  Marine x2  
  33  3:21  Concussive Shells  
  33  3:22  Marauder  
  33  3:26  Supply Depot, SCV  
  36  3:28  Orbital Command  
  36  3:36  Marauder  
  36  3:37  Stimpack  
  36  3:38  SCV, Marine x2  
  41  3:46  Marine  
  42  3:50  SCV  
  42  3:53  SCV  
  44  3:55  Marine  
  44  3:59  Marine x2  
  44  4:02  Supply Depot  
  47  4:04  Combat Shield  
  47  4:05  SCV x2  
  49  4:11  Marine  
  49  4:13  Marine  
  49  4:16  Engineering Bay, Marine  
  49  4:17  Marine  
  52  4:20  SCV  
  52  4:23  SCV  
  55  4:25  Supply Depot  
  55  4:32  Marauder  
  55  4:33  Marine  
  55  4:35  Marauder, SCV x2  
  62  4:47  SCV  
  62  4:48  Factory  
  62  4:49  Terran Infantry Weapons Level 1  
  62  4:51  SCV  
  64  4:55  Supply Depot  
  64  4:59  SCV, Refinery  
  65  5:06  Marauder x2  
  70  5:07  SCV  
  70  5:10  Supply Depot  
  70  5:15  Marine  
  70  5:17  Marine  
  70  5:19  SCV  
  72  5:26  SCV  
  72  5:27  Marauder x2  
  77  5:31  SCV  
  77  5:33  Factory Reactor, Marine  
  77  5:34  Marine  
  79  5:36  Starport  
  79  5:38  SCV  
  77  5:43  SCV  
  77  5:48  Marine x2  
  74  5:50  SCV  
  74  5:51  Marine  
  74  5:56  Supply Depot  
  74  5:58  SCV  
  72  6:06  Marauder x2  
  76  6:12  Refinery  
  76  6:16  Marine x2  
  76  6:17  SCV  
  76  6:18  Command Center  
  76  6:19  Supply Depot, Factory Tech Lab  
  76  6:20  Medivac x2  
  80  6:27  Barracks  
  80  6:28  Marauder, Barracks  
  80  6:32  Marauder  
  84  6:34  Supply Depot, SCV, Marine  
  84  6:38  SCV  
  86  6:46  SCV, Marine  
  87  6:49  Marauder  
  87  6:50  Medivac  
  87  6:51  Medivac  
  89  6:58  Marine  
  89  7:03  SCV x2  
  86  7:19  Barracks Tech Lab  
Show
View Real Time Build Order
Export as new Build Order

Nice Protoss 

Build Orders: Blink Stalkers 

Get SALT Encoding   

  12  0:00  Probe  
  13  0:12  Probe  
  14  0:19  Pylon  
  14  0:24  Probe  
  15  0:37  Probe (Chrono Boost)  
  15  0:38  Gateway  
  16  0:48  Assimilator, Probe (Chrono Boost)  
  17  0:53  Probe (Chrono Boost)  
  18  1:03  Probe  
  19  1:15  Probe  
  20  1:32  Cybernetics Core  
  19  1:37  Probe  
  20  1:48  Nexus  
  20  1:55  Pylon  
  20  2:03  Assimilator, Probe  
  20  2:07  Adept (Chrono Boost)  
  21  2:14  Warp Gate  
  23  2:16  Probe  
  24  2:23  Shield Battery  
  24  2:28  Stalker (Chrono Boost)  
  24  2:52  Stalker  
  24  2:53  Probe (Chrono Boost)  
  27  3:05  Probe (Chrono Boost)  
  29  3:09  Probe (Chrono Boost)  
  29  3:13  Probe (Chrono Boost)  
  29  3:16  Probe (Chrono Boost)  
  29  3:17  Twilight Council  
  31  3:23  Probe (Chrono Boost)  
  33  3:27  Probe (Chrono Boost)  
  33  3:34  Probe x2 (Chrono Boost)  
  35  3:41  Probe  
  35  3:43  Probe  
  35  3:46  Blink (Chrono Boost)  
  35  3:47  Shield Battery  
  37  3:54  Probe  
  38  3:56  Probe  
  38  4:00  Robotics Facility  
  39  4:06  Probe  
  39  4:08  Probe  
  41  4:10  Shield Battery  
  41  4:11  Stalker  
  41  4:18  Probe  
  41  4:20  Gateway, Probe  
  43  4:27  Pylon  
  44  4:32  Probe  
  44  4:36  Stalker  
  46  4:45  Probe x2  
  48  4:47  Observer  
  48  4:51  Assimilator x2  
  48  4:56  Gateway  
  48  4:57  Probe x2  
  50  5:01  Stalker, Pylon  
  52  5:07  Pylon  
  52  5:09  Probe x2  
  54  5:21  Probe  
  54  5:23  Robotics Bay  
  54  5:25  Probe  
  54  5:27  Forge  
  56  5:34  Probe  
  56  5:35  Pylon  
  58  5:36  Stalker x2  
  57  5:44  Probe  
  41  5:51  Probe  
  41  5:53  Stalker  
  41  5:56  Probe  
  42  6:03  Probe  
  43  6:05  Stalker  
  43  6:08  Probe (Chrono Boost)  
  45  6:17  Stalker  
  47  6:20  Probe x2 (Chrono Boost)  
  47  6:24  Pylon  
  48  6:28  Probe (Chrono Boost)  
  48  6:30  Probe (Chrono Boost)  
  50  6:32  Stalker  
  50  6:39  Probe (Chrono Boost)  
  54  6:40  Probe (Chrono Boost)  
  54  6:42  Stalker  
  54  6:46  Probe (Chrono Boost)  
  53  6:48  Probe (Chrono Boost)  
  46  6:57  Stalker  
  46  6:59  Probe  
  46  7:00  Probe  
  45  7:14  Stalker  

Tags
 
Add a new tag
Caveats
  • Supply blocks, unpowered buildings, or Contaminate may cause inaccurate times.
  • Supply counts are checked every 10 seconds.